AoeStats
← JPSL

Arabia

508959915Analyzed
1v1 RM · 9d ago on Sep 24, 2026· 34m 54s· 2 players
Game mode
Random Map
Map size
Tiny (2 player)
Population
200
Speed
Normal
Resources
Standard
Victory
Conquest
Starting age
Dark Age
Ending age
Imperial Age
RankedLock teamsTeams togetherTeam positionsShared explorationLock speedFull tech treeHidden civsTurbo modeCheats
Victory
Defeat
🇦🇷 Lithuanians · Argentina
1330
+14
🇺🇸 Franks · United States
1286
-14
[NT] CayMan
5:07 Loom
9:27 Feudal Age
10:48 Double-Bit Axe
21:12 Castle Age
19:52 Scale Barding Armor
20:13 Forging
21:24 Light Cavalry
22:29 Bow Saw
22:52 Husbandry
31:32 Wheelbarrow
31:25 Pikeman
JPSL
6:13 Loom
8:56 Feudal Age
9:24 Double-Bit Axe
11:56 Horse Collar
18:17 Wheelbarrow
21:28 Castle Age
20:10 Scale Barding Armor
20:04 Gold Mining
20:33 Bloodlines
21:26 Forging
21:41 Light Cavalry
22:22 Husbandry
22:01 Pikeman
22:49 Town Watch
26:10 Squires
28:38 Scale Mail Armor
28:51 Heavy Plow
30:08 Bow Saw
32:03 Chain Barding Armor
31:41 Stone Mining
32:52 Chain Mail Armor
33:51 Iron Casting
34:42 Hand Cart
Connection lost

Rejoining the realm…

Still unreachable

The connection could not be restored.

Session expired

The server has moved on; the page needs a fresh start.